 Dungeon Crawl Stone Soup version 0.21.1-1-g345015f (webtiles) character file.

51 KeyboardFingers the Ruffian (level 3, -2/36 HPs)
             Began as a Troll Berserker on June 10, 2018.
             Was a Believer of Trog.
             Killed from afar by a white imp (6 damage)
             ... with a puff of frost
             ... summoned by Natasha
             ... on level 3 of the Dungeon.
             The game lasted 00:10:58 (554 turns).

KeyboardFingers the Ruffian (Troll Berserker)        Turns: 554, Time: 00:10:59

Health: -2/36      AC:  5    Str: 26    XL:     3   Next: 57%
Magic:  2/2        EV: 10    Int:  3    God:    Trog [**....]
Gold:   31         SH:  0    Dex:  9    Spells: 2/2 levels left

rFire    . . .     SeeInvis .   f - +2 hand axe (drain)
rCold    . . .     Gourm    +   (no shield)
rNeg     . . .     Faith    .   a - +0 animal skin
rPois    .         Spirit   .   (helmet restricted)
rElec    .         Reflect  .   (no cloak)
rCorr    .         Harm     .   (gloves unavailable)
MR       .....                  (boots unavailable)
Stlth    +.........             (no amulet)
HPRegen  0.52/turn              (no ring)
MPRegen  0.08/turn              (no ring)

@: no status effects
A: large, unfitting armour, claws 3, fast metabolism 3, gourmand, regeneration
1, shaggy fur 1, tough skin 2
a: Berserk, Trog's Hand, Burn Spellbooks, Renounce Religion


You were on level 3 of the Dungeon.
You worshipped Trog.
Trog was pleased with you.
You were very full.

You visited 1 branch of the dungeon, and saw 3 of its levels.

You collected 31 gold pieces.

Inventory:

Hand Weapons
 d - a +0 short sword
 e - a +0 hunting sling
 f - a +2 hand axe of draining (weapon)
Armour
 a - a +0 animal skin (worn)
 c - a +0 scale mail
 g - a +0 ring mail
Scrolls
 h - a scroll of teleportation {unknown}
 i - a scroll of identify {unknown}
Comestibles
 b - 2 rations


   Skills:
 - Level 2.8 Fighting
 - Level 2.8 Dodging
 + Level 0.3 Stealth
 - Level 3.6 Unarmed Combat


You had 2 spell levels left.
You didn't know any spells.

Dungeon Overview and Level Annotations

Branches:
Dungeon (3/15)

Altars:

Annotations:
D:3 Bnni's ghost, amateur GnWr; Natasha


Innate Abilities, Weirdness & Mutations

You are too large for most types of armour.
You have claws for hands.
Your metabolism is lightning-fast.
You like to eat raw meat.
Your natural rate of healing is unusually fast.
You are covered in fur. (AC +1)
You have very tough skin. (AC +2)


Message History

Bnni's ghost whispers, "There is no future for you."
Bnni's ghost barely misses you. Natasha claws you. Bnni's ghost hits you!
You slash Bnni's ghost!
Bnni's ghost is moderately damaged.
You hit the leopard gecko. You barely miss Natasha.
The leopard gecko bites you. Natasha claws you. Bnni's ghost hits you!
* * * LOW HITPOINT WARNING * * *
The leopard gecko bites you but does no damage.
Natasha howls an incantation.
Natasha shimmers violently.
Bnni's ghost hits you.
* * * LOW HITPOINT WARNING * * *
The white imp closely misses you. The leopard gecko barely misses you.
The white imp gestures at you. The puff of frost hits you!
* * * LOW HITPOINT WARNING * * *
The leopard gecko barely misses you. The white imp gestures at you.
The puff of frost hits you!
You die...

. #.......... .......
#.......... ........#
#......#... ........#
######..... ........#
#####........ ........#
##............
........#####..##.#####...
....>........<.((.........
.......W.@.#....)########.
......hl.†.#.....# #.
....<..5##.......# #.
........####.....# .
......%.# #.....#
....$)..# #.....#
........# #.....#
..>.....# #######
........#


You could see Natasha, Bnni's ghost, a white imp and a leopard gecko.

Vanquished Creatures
  2 adders (D:2)
  4 worms
  4 goblins
  3 hobgoblins (D:2)
  A quokka (D:2)
  4 frilled lizards
  3 kobolds
  3 rats (D:2)
24 creatures vanquished.

Notes
Turn   | Place    | Note
-------+----------+-------------------------------------------
     0 | D:1      | KeyboardFingers the Troll Berserker began the quest for the Orb.
     0 | D:1      | Reached XP level 1. HP: 22/22 MP: 0/0
     2 | D:1      | You fall through a shaft!
    55 | D:2      | Reached XP level 2. HP: 16/29 MP: 1/1
   195 | D:2      | Reached XP level 3. HP: 31/36 MP: 2/2
   361 | D:2      | Reached ** piety under Trog
   544 | D:3      | Noticed Bnni's ghost (amateur GnWr)
   545 | D:3      | Noticed Natasha
   554 | D:3      | Killed from afar by a white imp

Action                   || total
-------------------------++-------
Melee: Unarmed           ||    83
       Hand axe          ||     6
  Use: Potion            ||     1
  Eat: Chunk             ||     9
Armor: Animal skin       ||    17
Dodge: Dodged            ||    34
